[Event "Tirnavia Reti Memorial-IM 2022"]
[Site "Trnava"]
[Date "2022.08.14"]
[Round "5.9"]
[White "Leszko, Bence"]
[Black "Petran, Peter"]
[Result "1-0"]
[ECO "B10"]
[WhiteElo "2241"]
[BlackElo "2234"]
[Annotator "TA"]
[PlyCount "68"]
[EventDate "2022.08.10"]
[EventType "tourn"]
[EventCountry "SVK"]
[SourceTitle "playchess.com"]
[Source "ChessBase"]
[SourceQuality "1"]
[TimeControl "40/5400+30:1800+30"]

1. e4 c6 2. Nf3 d5 3. d3 g6 4. e5 d4 {[%emt 0:01:59] [#]} 5. h3 $146 ({Predecessor:} 5. c3 c5 6. Nbd2 Nc6 7. Ne4 Bg7 8. Bf4 dxc3 9. bxc3 f6 10. Nxc5 fxe5 11. Bg3 {½-½ (68) Xiong,J (2688)-Tatarinov,D (2314) Chess.com INT 2022}) 5... c5 6. g3 {[%emt 0:00:52] B10: Caro-Kann: 2 d3 and 2 c4.} Nc6 7. Bg2 Bg7 8. Bf4 {[%emt 0:02:45] White is slightly better.} h6 9. g4 Be6 10. Nbd2 Bd5 11. Qe2 e6 12. c4 dxc3 13. bxc3 Nge7 14. Ne4 Bxe4 15. Qxe4 Nd5 16. Bd2 Rc8 17. O-O O-O 18. Rfd1 Qc7 19. c4 Nb6 20. Bc3 (20. Bf4 $11) 20... Na4 $15 21. Bd2 Rfd8 {[%emt 0:05:35] Hoping for ...Nb2.} 22. Re1 Rd7 23. Rab1 Rcd8 24. Rb3 Nb6 25. Bf4 Nb4 26. d4 (26. Bf1 $11 {keeps the balance.}) 26... Nxc4 {[%emt 0:00:30][%cal Rd7d4] White must now prevent ...Rxd4.} 27. Rc1 {[%emt 0:00:30] [#]} (27. dxc5 $142 Qxc5 28. Bf1) 27... b5 $1 $17 28. a3 Rxd4 29. Nxd4 Rxd4 30. Qa8+ Kh7 31. Be3 {[%emt 0:03:51] [#]} Nxe3 (31... Rd3 $1 $19 32. Rxd3 Nxd3) 32. fxe3 $15 Bf8 $2 33. Be4 $2 (33. exd4 $18 Na2 34. Rc2) 33... Bd6 34. Kg2 $2 (34. exd4 $18 Na2 35. Rc2 Bxe5 36. dxe5 Qxe5 37. Rxa2) 34... Kg7 $2 {[%emt 0:00:00][%mdl 8192] White used his chance.  Weighted Error Value: White=0.58/Black=0.12 (very precise)} 1-0

[Event "Tirnavia Reti Memorial-IM 2022"]
[Site "Trnava"]
[Date "2022.08.14"]
[Round "5.10"]
[White "Konyves, Almos"]
[Black "Skreko, Igor"]
[Result "1-0"]
[ECO "E92"]
[WhiteElo "2229"]
[BlackElo "2193"]
[Annotator "TA"]
[PlyCount "83"]
[EventDate "2022.08.10"]
[EventType "tourn"]
[EventCountry "SVK"]
[SourceTitle "playchess.com"]
[Source "ChessBase"]
[SourceQuality "1"]
[TimeControl "40/5400+30:1800+30"]

1. d4 Nf6 2. c4 g6 3. Nc3 Bg7 4. e4 d6 5. Be2 O-O 6. Nf3 e5 7. Be3 Ng4 8. Bg5 f6 9. Bh4 g5 10. Bg3 Nh6 11. dxe5 dxe5 12. Qc2 {[%emt 0:00:34] E92: King's Indian: Classical: 6 Be2 e5: 7 dxe5, 7 Be3 and Petrosian System without 7...Nbd7.} g4 {[%emt 0:01:45] was the old line (12...c6).} 13. Rd1 Qe8 {[%emt 0:06:53] [#]} 14. Nd2 $146 {[%emt 0:00:29] White is slightly better.} ({Predecessor:} 14. Nh4 Nc6 15. Nd5 Qf7 16. Nf5 Nxf5 17. exf5 Qh5 18. Ne3 Nd4 19. Qe4 Nxf5 20. Bxg4 Nxg3 {1-0 (42) Panjwani,R (2407)-Franklin,S (2322) London 2013}) 14... Nc6 15. Nb3 f5 16. exf5 Bxf5 17. Qc1 Nf7 (17... Nd4 $11) 18. Nd5 $14 Rc8 (18... Nd4 $1 $14) 19. O-O {[%emt 0:07:04] White is more active.} Nd6 {[%emt 0:05:40] [#]} (19... Nd4 $2 20. Nxd4 exd4 21. Rfe1 $18) 20. Nxc7 $1 Qg6 21. Nd5 Bh6 22. Ne3 Ne4 23. c5 Kh8 24. Bb5 b6 25. Qc4 ({Better is} 25. Bxc6 $16 Nxg3 26. hxg3 Qxc6 27. Qc3) 25... Nxg3 26. hxg3 {[%emt 0:00:05] aiming for Rd6.} Be6 27. Qc3 {[%emt 0:03:15] Black must now prevent Rd6.} Bxb3 $2 (27... Nd4 $14 28. Nxd4 exd4 29. Qxd4+ Bg7) 28. Rd6 $18 (28. axb3 Nd4 29. Qd3 Rxc5 $11) 28... Rf6 29. Rxf6 (29. axb3 $6 Nd4 30. Rxf6 (30. Bd3 Rxd6 31. Bxg6 Ne2+ 32. Kh2 Nxc3 $16) 30... Qxf6) 29... Qxf6 30. cxb6 (30. axb3 $6 Nd4) (30. Nxg4 $6 Qe6) 30... axb6 (30... Bxe3 $2 31. b7 (31. Qxe3 Bd5 $16) 31... Rb8 32. fxe3 $18) 31. axb3 ({Don't do} 31. Qxb3 $6 Nd4 32. Qd5 (32. Nxg4 Qg7 $15) 32... Rc5 33. Qa8+ Qf8 34. Qxf8+ Bxf8 $16) 31... Na7 32. Bc4 ({Weaker is} 32. Nxg4 Qe6 33. Qxe5+ (33. Qb4 Bf8 $17) 33... Qxe5 34. Nxe5 Nxb5 $15) 32... Qg5 33. Qb4 Qg6 34. Qe7 Nc6 35. Qd7 (35. Qb7 $142 Rb8 36. Qc7) 35... Rd8 36. Qxg4 (36. Qc7 $18) 36... Qf6 $2 (36... Bxe3 $16 {was called for.} 37. Qxg6 Bxf2+ 38. Kxf2 hxg6) 37. Nd5 Qd6 38. Nxb6 Nb4 39. Na4 Qd2 $2 (39... Nc6 40. Nc3 Qg6) 40. Nc3 {[%emt 0:00:36] [#] Threatens to win with Rd1.} Qxb2 (40... Qg5 $142 41. Qe4 Qg6 42. Qxe5+ Bg7) 41. Qh4 {[%emt 0:31:21][%csl LRd8,LRh6] White threatens Qf6+ and mate.} Rd6 {[%emt 0:05:19] Against Qf6+} 42. Ne4 {[%emt 0:00:00] Weighted Error Value: White=0.20 (precise) /Black=0.67} (42. Qe7 $142 Nd5 43. Bxd5 Rxd5 44. Nxd5 e4 45. Nf6 Qxf6 46. Qxf6+ Kg8 47. Ra1 Bf8 48. Ra8 h5 49. Rxf8+ Kh7 50. Rh8#) 1-0

[Event "Tirnavia Reti Memorial-IM 2022"]
[Site "Trnava"]
[Date "2022.08.16"]
[Round "7.6"]
[White "Bures, Jaroslav"]
[Black "Papp, Levente"]
[Result "1-0"]
[ECO "C03"]
[WhiteElo "2416"]
[BlackElo "2394"]
[Annotator "RC"]
[PlyCount "107"]
[EventDate "2022.08.10"]
[EventType "tourn"]
[EventCountry "SVK"]
[SourceTitle "playchess.com"]
[Source "ChessBase"]
[SourceQuality "1"]
[TimeControl "40/5400+30:1800+30"]

1. e4 e6 2. d4 d5 3. Nd2 Be7 4. c3 Nf6 5. e5 Nfd7 6. f4 O-O 7. Ndf3 f6 8. h4 c5 9. Bd3 f5 10. Ng5 Re8 11. g4 cxd4 12. gxf5 exf5 13. Bxf5 Nf8 14. Bxc8 Qxc8 15. Qxd4 Bxg5 16. Qxd5+ Kh8 17. hxg5 Nc6 18. Be3 Qg4 19. Nf3 Qg3+ 20. Kf1 Ng6 21. Qe4 Kg8 22. Rg1 Qh3+ 23. Ke2 Rad8 24. Rad1 Nge7 25. Rh1 Qg2+ 26. Bf2 Rxd1 27. Qxh7+ Kf7 28. e6+ Kxe6 29. Qe4+ Kf7 30. Ne5+ Nxe5 31. Qxg2 Rxh1 32. Qxh1 N5c6 33. Kf3 Rd8 34. Qh5+ g6 35. Qh7+ Ke6 36. Bc5 Rd3+ 37. Ke2 Rd5 38. Bxe7 Nxe7 39. Qh8 Kd7 40. Qb8 Rb5 41. b3 Nc6 42. Qh8 Ra5 43. Qh3+ Rf5 44. Ke3 Ne7 45. Ke4 a6 46. c4 b5 47. c5 Ke6 48. b4 Nd5 49. a3 Ne7 50. Qh8 a5 51. Qb8 axb4 52. axb4 Nd5 53. Qd6+ Kf7 54. Qxd5+ 1-0

[Event "Tirnavia Reti Memorial-IM 2022"]
[Site "Trnava"]
[Date "2022.08.16"]
[Round "7.7"]
[White "Svana, Peter"]
[Black "Lanc, Alois"]
[Result "0-1"]
[ECO "A55"]
[WhiteElo "2280"]
[BlackElo "2263"]
[Annotator "NA RC"]
[PlyCount "130"]
[EventDate "2022.08.10"]
[EventType "tourn"]
[EventCountry "SVK"]
[SourceTitle "playchess.com"]
[Source "ChessBase"]
[SourceQuality "1"]
[TimeControl "40/5400+30:1800+30"]

1. d4 Nf6 2. c4 d6 3. Nf3 Nbd7 4. Nc3 e5 5. e4 Be7 6. Be2 O-O 7. O-O Re8 8. Re1 c6 9. h3 Bf8 10. Bf1 a6 11. Rb1 exd4 12. Nxd4 Nc5 13. f3 a5 14. Nde2 d5 15. cxd5 cxd5 16. Bg5 $1 ({Don't go for} 16. exd5 $2 Bf5 17. Bg5 Nd3 $19) 16... dxe4 17. Qxd8 Rxd8 18. fxe4 Nd3 19. Red1 Bc5+ 20. Kh2 Be6 $11 21. Ng3 Ne5 22. Nd5 Nxd5 23. Bxd8 Ne3 24. Bc7 Nxd1 25. Bxe5 Ne3 26. Be2 f6 27. Rc1 b6 28. Bf4 g5 29. Bxe3 Bxe3 30. Rc6 Bxa2 31. Nh5 Bd4 32. Nxf6+ Kg7 33. Nd5 Re8 34. Bd3 Bxd5 35. exd5 Re3 36. Bf5 Re2 37. b3 Be5+ 38. Kg1 Bg3 39. Rc1 Rd2 40. Be4 Kf6 41. Kf1 Ke5 42. Bxh7 Rf2+ 43. Kg1 Rb2 44. Rc3 Bf2+ 45. Kf1 Bd4 46. Rg3 Kd6 47. Rxg5 Rxb3 48. Rg6+ Kd7 49. Rg4 Be5 50. Bf5+ Kd8 51. Rg6 Rb4 52. g4 Rd4 53. Rxb6 Rxd5 54. h4 Kc7 55. Ra6 Kb7 56. Re6 Rc5 57. h5 a4 58. Be4+ Ka7 59. Bd3 Ra5 60. h6 a3 61. Rxe5 Rxe5 62. Bc4 Re7 63. g5 Rc7 64. Bg8 Rc1+ 65. Kg2 Rc5 0-1

[Event "Tirnavia Reti Memorial-IM 2022"]
[Site "Trnava"]
[Date "2022.08.16"]
[Round "7.9"]
[White "Konyves, Almos"]
[Black "Skreno, Vladimir"]
[Result "1-0"]
[ECO "A52"]
[WhiteElo "2229"]
[BlackElo "2083"]
[Annotator "NA"]
[PlyCount "107"]
[EventDate "2022.08.10"]
[EventType "tourn"]
[EventCountry "SVK"]
[SourceTitle "playchess.com"]
[Source "ChessBase"]
[SourceQuality "1"]
[TimeControl "40/5400+30:1800+30"]

1. d4 Nf6 2. c4 e5 3. dxe5 Ng4 4. Bf4 Nc6 5. Nf3 Bb4+ 6. Nbd2 Qe7 7. e3 Ngxe5 8. Nxe5 Nxe5 9. a3 Bxd2+ 10. Qxd2 d6 11. Be2 a5 12. b3 O-O 13. O-O Re8 14. Rfd1 b6 15. Qd5 Be6 16. Qd4 Bf5 17. b4 Nd7 18. Bf3 Be4 19. Bg4 f5 20. Be2 Bc6 21. Bd3 Rf8 22. Bc2 Qf6 23. Qxf6 Rxf6 24. h3 h6 25. h4 Rff8 26. f3 Rf6 27. Kf2 Kf8 28. Rg1 Ne5 29. c5 bxc5 30. bxc5 Ng6 31. cxd6 Nxf4 32. exf4 cxd6 33. Rab1 Bd7 34. Bd3 d5 35. Rb7 Bc8 36. Rb5 Rd6 37. Rc1 Bd7 38. Rb7 Bc8 39. Rbc7 Bd7 40. Rb1 Ke8 41. Rbb7 Kd8 42. a4 Rc8 43. Rxd7+ Rxd7 44. Rxd7+ Kxd7 45. Bxf5+ Kc7 46. Bxc8 Kxc8 47. Ke3 Kd7 48. h5 Ke6 49. g4 Kd6 50. Kd4 Kc6 51. f5 Kd6 52. f4 Kc6 53. g5 Kd6 54. f6 1-0

[Event "Tirnavia Reti Memorial-IM 2022"]
[Site "Trnava"]
[Date "2022.08.16"]
[Round "7.10"]
[White "Skreko, Igor"]
[Black "Petran, Peter"]
[Result "0-1"]
[ECO "A41"]
[WhiteElo "2193"]
[BlackElo "2234"]
[Annotator "TA"]
[PlyCount "128"]
[EventDate "2022.08.10"]
[EventType "tourn"]
[EventCountry "SVK"]
[SourceTitle "playchess.com"]
[Source "ChessBase"]
[SourceQuality "1"]
[TimeControl "40/5400+30:1800+30"]

1. d4 g6 2. c4 Bg7 3. e4 Nc6 4. Be3 e5 5. Nf3 d6 6. Nc3 Bg4 7. d5 Nd4 8. Be2 Bxf3 9. Bxf3 c5 $1 {[%emt 0:00:19] 9...c5 is better than 9...Ne7.} 10. dxc6 {[%emt 0:02:12] A41: 1 d4 d6: Tartakower System and Modern Defence.} bxc6 11. g3 Ne7 12. Bg2 {[%emt 0:02:10] White is slightly better.} O-O 13. O-O Rb8 14. Rb1 c5 15. b3 {[%emt 0:08:21] [#]} h6 $146 ({Predecessor:} 15... Kh8 16. Qd2 Qd7 17. Rbd1 Nec6 {½-½ (17) Kozak,A (2364)-Kantsler,B (2395) Budapest 2016}) 16. Qd2 Kh7 17. Nd5 Nxd5 18. cxd5 f5 19. f4 Qb6 20. fxe5 dxe5 21. Kh1 fxe4 22. Bxe4 Qd6 23. Qd3 Rxf1+ 24. Rxf1 Rf8 {[%emt 0:00:05] Against Rf7} 25. Rc1 Rf6 26. Kg2 Bf8 27. h4 {[%emt 0:02:05] h5 is the strong threat.} Kg7 28. Qd2 h5 29. Bh6+ Kh7 30. Bg5 {[%emt 0:00:45] A strong pair of Bishops.} Rf7 31. Rc4 Be7 {[%emt 0:03:44] [#]} (31... Qa6 $16 {was worth a try.}) 32. Be3 $2 ({Only move:} 32. Bxe7 $1 $18 Qxe7 33. Qg5 Qxg5 34. hxg5) 32... Qf6 33. Qd3 {[%emt 0:00:58] Prevents Qf1+.} Kg7 34. Rc1 Bd6 35. Qd2 Bf8 36. Bh6+ Kh7 $1 37. Bg5 (37. Bxf8 $11 Rxf8 38. Kh3) 37... Qd6 $1 $16 38. Qd3 {[%emt 0:03:37] Prevents Qa6.} (38. Rf1 $16 Rxf1 39. Kxf1) 38... Bh6 $1 $11 39. Rf1 Rxf1 {[%emt 0:02:05] Chess con chili.} 40. Qxf1 {[%emt 0:00:10] [#] Black must now prevent Qf7+.} Bxg5 41. hxg5 {[%emt 0:08:20][%mdl 4096] Endgame White wants to mate with Qf7+. KQB-KQN} Kg7 {[%emt 0:01:55] Inhibits Qf7+.} 42. Qd3 Qe7 43. Qd2 Qd7 44. Qf2 (44. Qa5 $5 Nb5 45. Kh2 $14 (45. Qa6 Nd6 $11)) 44... Qd8 {[%emt 0:05:36] Prevents Qf6+.} 45. Qe3 Qd6 46. Qd3 Qd8 47. Qa6 Qxg5 {[%emt 0:02:26] Threatens to win with ...Qg4.} 48. Qxa7+ Kh6 49. Qxc5 {[%emt 0:04:24] Hoping for Qf8+.} h4 50. Qf8+ Kh7 51. Qf2 {[%emt 0:00:35] And now Kh3 would win.} Nf5 (51... Kg7 $11) 52. Bxf5 $16 gxf5 {[%emt 0:00:02] KQ-KQ} 53. Kh2 (53. Qa7+ $16 Kh6 54. Qa6+ Kg7 55. Qb7+ Kg6 56. Qa6+ Kg7 57. Qb7+ Kg6 58. Qc6+ Kh5 59. Qc3 (59. Qe8+ Kg4 $11)) 53... hxg3+ $11 54. Qxg3 Qd2+ 55. Qg2 Qd4 56. Kg3 Kg6 57. Qf2 {[%emt 0:00:30] Threatening mate with Qxd4.} Qxd5 58. Qb6+ (58. Qg2 $11 Qc5 59. Kh4+ Kf7 60. Qb7+ Ke6 61. b4 Qf2+ 62. Kg5 Qg3+ 63. Kh6) 58... Kg5 {[%emt 0:00:34] Strongly threatening ...f4+.} 59. Qg1 $2 (59. a4 $17) 59... f4+ $19 60. Kh3+ Kf6 {[%emt 0:00:11] aiming for ...e4.} 61. Kh4 $2 (61. b4) 61... e4 62. Qb6+ Kf5 {[%emt 0:00:18] ( -> ...e3)} 63. Qh6 Qd8+ 64. Kh5 Qd1+ {[%emt 0:00:08] Weighted Error Value: White=0.52/Black=0.10 (very precise)} 0-1

[Event "Tirnavia Reti Memorial-IM 2022"]
[Site "Trnava"]
[Date "2022.08.17"]
[Round "8.6"]
[White "Papp, Levente"]
[Black "Petran, Peter"]
[Result "1/2-1/2"]
[ECO "A84"]
[WhiteElo "2394"]
[BlackElo "2234"]
[Annotator "TA"]
[PlyCount "73"]
[EventDate "2022.08.10"]
[EventType "tourn"]
[EventCountry "SVK"]
[SourceTitle "playchess.com"]
[Source "ChessBase"]
[SourceQuality "1"]
[TimeControl "40/5400+30:1800+30"]

1. d4 g6 2. c4 f5 3. Nf3 Bg7 4. g3 d6 5. Bg2 c6 6. O-O Nh6 7. Nc3 O-O 8. e4 {[%emt 0:08:30] A84: Dutch Defence: 2 c4 Miscellaneous.} Nf7 9. d5 e5 10. dxe6 {[%emt 0:02:23] White is more active.} (10. exf5 $16 Bxf5 11. Be3) 10... Bxe6 $11 11. exf5 Bxf5 12. Be3 {[%emt 0:03:33] [#]} Na6 $146 ({Predecessor:} 12... Qc8 13. Re1 Bh3 14. Bd4 Bxg2 15. Kxg2 Nd7 16. Bxg7 Kxg7 17. Ne4 Nde5 {½-½ (17) Moerling,J (1685)-Thaler,T (2075) Helsingor 2012}) 13. Bd4 Ne5 14. Nxe5 dxe5 15. Be3 Qe7 16. Ne4 Bxe4 17. Bxe4 Nc5 18. Qc2 Ne6 19. c5 Rad8 20. b4 Nd4 21. Qc4+ Qf7 22. Rac1 a6 23. a4 Rd7 24. Qxf7+ Rfxf7 25. Rc4 Nf5 26. Bg5 Rd4 27. Rxd4 Nxd4 28. Kg2 Ne6 29. Be3 Rd7 30. h4 Bf8 31. h5 Kg7 32. Rh1 a5 {[%emt 0:06:30] The position is equal.} 33. hxg6 hxg6 34. b5 Bxc5 35. bxc6 bxc6 36. Bxc6 {[%emt 0:00:49] This bishop pair is nice.} Rd6 37. Bxc5 {[%emt 0:01:27] Weighted Error Value: White=0.07 (flawless) /Black=0.06 (flawless)} 1/2-1/2

[Event "Tirnavia Reti Memorial-IM 2022"]
[Site "Trnava"]
[Date "2022.08.17"]
[Round "8.8"]
[White "Straka, Jozef"]
[Black "Konyves, Almos"]
[Result "1-0"]
[ECO "E52"]
[WhiteElo "2300"]
[BlackElo "2229"]
[Annotator "RC"]
[PlyCount "83"]
[EventDate "2022.08.10"]
[EventType "tourn"]
[EventCountry "SVK"]
[SourceTitle "playchess.com"]
[Source "ChessBase"]
[SourceQuality "1"]
[TimeControl "40/5400+30:1800+30"]

1. d4 Nf6 2. c4 e6 3. Nc3 Bb4 4. e3 b6 5. Bd2 Bb7 6. Nf3 O-O 7. Bd3 d5 8. cxd5 exd5 9. Rc1 a6 10. O-O Nbd7 11. Ne5 Bd6 12. f4 c5 13. Qf3 b5 14. Qh3 Nb6 15. Be1 cxd4 16. exd4 Ne4 17. Bh4 Qe8 18. Ng4 f6 19. Ne3 b4 20. Nxe4 dxe4 21. Bc2 Kh8 22. Bb3 Rc8 23. Bg3 Rxc1 24. Rxc1 Qb8 25. Qg4 Rc8 26. Rd1 Qc7 27. Kf2 a5 28. f5 a4 29. Be6 Rd8 30. Rd2 a3 31. bxa3 Qc3 32. Qd1 Bxg3+ 33. hxg3 Nd5 34. Bxd5 Bxd5 35. Nxd5 Rxd5 36. Rc2 Rxf5+ 37. Ke2 Qd3+ 38. Qxd3 exd3+ 39. Kxd3 h5 40. axb4 Rg5 41. a4 Rxg3+ 42. Kc4 1-0

[Event "Tirnavia Reti Memorial-IM 2022"]
[Site "Trnava"]
[Date "2022.08.17"]
[Round "8.10"]
[White "Bures, Jaroslav"]
[Black "Svana, Peter"]
[Result "1-0"]
[ECO "E99"]
[WhiteElo "2416"]
[BlackElo "2280"]
[Annotator "TA"]
[PlyCount "83"]
[EventDate "2022.08.10"]
[EventType "tourn"]
[EventCountry "SVK"]
[SourceTitle "playchess.com"]
[Source "ChessBase"]
[SourceQuality "1"]
[TimeControl "40/5400+30:1800+30"]

1. d4 Nf6 2. c4 g6 3. Nc3 Bg7 4. e4 O-O 5. Nf3 d6 6. Be2 e5 7. O-O Nc6 8. d5 Ne7 9. Ne1 Ne8 10. Nd3 f5 11. Bd2 Nf6 12. f3 f4 13. c5 g5 14. Rc1 h5 15. Nb5 {[%emt 0:00:32] E99: King's Indian: Classical Main Line: 9 Ne1 Nd7 10 f3 f5.} Ne8 16. Ba5 {[%emt 0:13:33] Hoping for cxd6.} b6 17. cxd6 {[%emt 0:00:02] White is better.} cxd6 18. Be1 {[%emt 0:00:01] White is much more active.} a6 19. Nc3 Nf6 {[%emt 0:03:35] [#]} 20. Qb3 $146 ({Predecessor:} 20. Bf2 Nd7 21. Nb4 Ng6 22. Na4 b5 23. Nc6 Qe8 24. Nb6 Nxb6 25. Bxb6 Bf6 26. a4 bxa4 {½-½ (51) Johannesson,I (2346)-Mohr,G (2407) Struga 2021}) 20... Kh8 21. Bf2 b5 22. a4 g4 23. axb5 g3 24. hxg3 fxg3 25. Bxg3 {[%emt 0:00:04] f4 is the strong threat.} Bh6 (25... Ng6 $16 {was necessary.}) 26. f4 $18 Rg8 27. fxe5 $2 (27. Bh4 $6 Ng6 28. Bg5 (28. Bxf6+ Qxf6 29. Bxh5 Bxf4 $17) 28... Nxf4 29. Bxf4 (29. Bxh6 Nxg2 30. Qb4 Kh7 $17) 29... exf4 $11) ({White should play} 27. Bh2 $16) 27... Rxg3 $11 28. Rxf6 $2 (28. exf6 $11 Ng6 29. Qc4 $1) 28... Be3+ $1 $19 29. Kf1 {[%emt 0:03:57][%cal Oe2f3] Black must now prevent Bf3!} Qg8 $4 (29... Ng6 $19 {and all is fine.} 30. Rxg6 (30. Bxh5 $2 Nxe5 31. Rf3 Qh4 $19) (30. Rxd6 $2 Qh4 $19) 30... Qh4) 30. Bf3 $18 ({Avoid the trap} 30. exd6 $2 {[#]} Rxg2 $1 31. Ke1 Nf5 $1 32. Rxf5 (32. exf5 Rg1+ 33. Bf1 Qg2 34. Rf8+ Kg7) 32... Bxf5 $19) 30... Bxc1 31. Nxc1 axb5 (31... Qg5) 32. N3e2 (32. Rh6+ Kg7 33. Rxd6 Rg6 $18) 32... Rg6 33. Bxh5 Rxf6+ 34. exf6 Ng6 35. Nd3 $2 (35. Qf3 $18 {and White stays clearly on top. Threatens to win with f7.} Ra7 36. Bxg6 Qxg6 37. Qc3) 35... Nh4 $2 (35... Qh7 $16 36. Ng3 b4) 36. Ndf4 Bg4 37. Bxg4 Qxg4 38. Qc3 Rf8 (38... Kg8 39. Qc7 Nxg2 40. f7+ (40. Nxg2 Qf3+ 41. Kg1 Qxf6 $18) 40... Kg7 41. Ne6+ (41. Nxg2 Qf3+ 42. Ke1 Qxg2 $14) 41... Kf6) 39. f7+ Kh7 40. Qf6 Ng6 41. Ne6 Ra8 42. Qg7# {[%emt 0:00:11] Weighted Error Value: White=0.69/Black=0.69} 1-0

[Event "Tirnavia Reti Memorial-IM 2022"]
[Site "Trnava"]
[Date "2022.08.18"]
[Round "9.9"]
[White "Skreko, Igor"]
[Black "Straka, Jozef"]
[Result "0-1"]
[ECO "D31"]
[WhiteElo "2193"]
[BlackElo "2300"]
[Annotator "RC"]
[PlyCount "84"]
[EventDate "2022.08.10"]
[EventType "tourn"]
[EventCountry "SVK"]
[SourceTitle "playchess.com"]
[Source "ChessBase"]
[SourceQuality "1"]
[TimeControl "40/5400+30:1800+30"]

1. d4 d5 2. c4 e6 3. Nc3 Bb4 4. Nf3 dxc4 5. Qa4+ Nc6 6. a3 Bxc3+ 7. bxc3 Qd5 8. Qc2 Nf6 9. Nd2 Na5 10. e4 Qc6 11. Rb1 O-O 12. Be2 Nb3 13. Bf3 Nxc1 14. Qxc1 e5 15. d5 Qc5 16. O-O b5 17. a4 a6 18. g3 Bd7 19. Bg2 Rfb8 20. a5 Ne8 21. Kh1 Nd6 22. f4 f6 23. fxe5 fxe5 24. Nf3 Re8 25. Nh4 c6 26. Qg5 cxd5 27. exd5 e4 28. g4 e3 29. Nf5 Bxf5 30. gxf5 e2 31. Rfe1 Qe3 32. Qg4 Qxc3 33. Rxe2 Rxe2 34. Qxe2 Re8 35. Qf2 Qe3 36. Qc2 Rf8 37. Rf1 Qe5 38. h3 b4 39. Qd2 b3 40. Re1 c3 41. Qf2 Qxf5 42. Qb6 Qf2 0-1

[Event "Tirnavia Reti Memorial-IM 2022"]
[Site "Trnava"]
[Date "2022.08.18"]
[Round "9.10"]
[White "Petran, Peter"]
[Black "Skreno, Vladimir"]
[Result "1-0"]
[ECO "A03"]
[WhiteElo "2234"]
[BlackElo "2083"]
[Annotator "RC"]
[PlyCount "73"]
[EventDate "2022.08.10"]
[EventType "tourn"]
[EventCountry "SVK"]
[SourceTitle "playchess.com"]
[Source "ChessBase"]
[SourceQuality "1"]
[TimeControl "40/5400+30:1800+30"]

1. g3 d5 2. Bg2 Nf6 3. d3 g6 4. f4 Bg7 5. c3 O-O 6. Nh3 c5 7. O-O Nc6 8. Nf2 e5 9. e4 dxe4 10. dxe4 Qxd1 11. Rxd1 Re8 12. Na3 Be6 13. Be3 Bf8 14. h3 a6 15. b3 Rad8 16. Re1 b5 17. f5 Bc8 18. g4 Bb7 19. Nc2 b4 20. cxb4 cxb4 21. Bg5 Kg7 22. Rac1 Rd7 23. h4 Bc5 24. Ne3 Bd4 25. Bh3 Ng8 26. f6+ Kf8 27. Nd5 Ba7 28. Bd2 a5 29. g5 Rd6 30. Kg2 Nd4 31. Nc7 Red8 32. Be3 Bb8 33. Red1 h6 34. Rc5 Ba7 35. Rxe5 hxg5 36. hxg5 Bb8 37. Bxd4 1-0